[ AOE2 MATCH · #504588450 ]
UnrankedTatars vs Wu
Player's team · WIN
[ REPLAY ANALYSIS · EXTRACTED FROM THE RECORDED GAME ]
Feudal
12:59
Castle
19:00
Imperial
—
| APM avg | 46.4 |
| APM peak | 83 |
| eAPM avg | 20.9 |
| Villagers / military | 51 / 39 |
Focus
⚔️ 38.0% · 🌾 62.0%
Archer ×32 · Mangonel ×6 · Skirmisher ×1
Feudal
9:08
Castle
21:19
Imperial
—
| APM avg | 70.7 |
| APM peak | 103 |
| eAPM avg | 19.4 |
| Villagers / military | 70 / 47 |
Focus
⚔️ 30.6% · 🌾 69.4%
Skirmisher ×25 · Archer ×17 · Militia ×5
Match map
Initial resources + every placement click. Lines = walls · curves = elevation contours. ◆ gold · ⬟ stone · ● berries · ✦ relic · ◌ wall gap
Your base· Open — 4t gap
shegin's base· Open — 6t gap
Smoothed initial terrain · ◌ = detected wall gap · hover for details
Inputs per minute
— Axolotl-Flöten-Beschwörer - - shegin
Build order — Axolotl-Flöten-Beschwörer
150 actions detected in the replay
| 0:05 | Queue | Villager (Male) |
| 0:06 | Build | House |
| 0:15 | Build | House |
| 0:23 | Queue | Villager (Male) |
| 0:23 | Queue | Villager (Male) |
| 0:23 | Queue | Villager (Male) |
| 1:38 | Queue | Villager (Male) |
| 1:38 | Queue | Villager (Male) |
| 1:55 | Build | Lumber Camp |
| 2:03 | Queue | Villager (Male) |
| 2:26 | Queue | Villager (Male) |
| 3:00 | Queue | Villager (Male) |
| 3:00 | Queue | Villager (Male) |
| 3:38 | Queue | Villager (Male) |
| 3:38 | Queue | Villager (Male) |
| 4:05 | Build | House |
| 4:16 | Queue | Villager (Male) |
| 4:30 | Queue | Villager (Male) |
| 4:42 | Build | Mill |
| 5:09 | Queue | Villager (Male) |
| 5:09 | Queue | Villager (Male) |
| 5:30 | Queue | Villager (Male) |
| 5:31 | Queue | Villager (Male) |
| 5:31 | Queue | Villager (Male) |
| 5:31 | Queue | Villager (Male) |
| 5:59 | Build | Palisade Wall |
| 6:18 | Build | Palisade Wall |
| 6:28 | Research | Loom |
| 6:37 | Queue | Villager (Male) |
| 6:54 | Build | Palisade Wall |
| 6:55 | Build | Palisade Wall |
| 7:10 | Queue | Villager (Male) |
| 7:45 | Queue | Villager (Male) |
| 7:47 | Build | House |
| 8:09 | Queue | Villager (Male) |
| 8:41 | Queue | Villager (Male) |
| 8:59 | Queue | Villager (Male) |
| 9:15 | Queue | Villager (Male) |
| 9:46 | Build | Mining Camp |
| 9:51 | Queue | Villager (Male) |
| 10:09 | Build | House |
| 10:36 | Queue | Villager (Male) |
| 10:49 | Research | Feudal Age |
| 11:23 | Queue | Villager (Male) |
| 11:48 | Build | Barracks |
| 12:18 | Build | Palisade Wall |
| 12:59 | Age | Feudal Age |
| 13:02 | Build | Watch Tower |
| 13:05 | Queue | Villager (Male) |
| 13:08 | Build | Archery Range |
| 14:01 | Build | House |
| 14:04 | Queue | Archer |
| 14:05 | Queue | Villager (Male) |
| 14:08 | Queue | Skirmisher |
| 14:29 | Build | Palisade Wall |
| 14:30 | Build | Palisade Wall |
| 14:34 | Queue | Villager (Male) |
| 15:18 | Queue | Villager (Male) |
| 15:20 | Build | Farm |
| 15:22 | Build | Farm |
| 15:44 | Build | Market |
| 15:49 | Build | Blacksmith |
| 16:04 | Queue | Archer |
| 16:20 | Research | Castle Age |
| 16:20 | Research | Castle Age |
| 16:23 | Build | House |
| 16:26 | Build | Farm |
| 16:29 | Queue | Archer |
| 16:59 | Build | Archery Range |
| 17:08 | Build | House |
| 17:12 | Queue | Archer |
| 17:21 | Build | Farm |
| 18:03 | Queue | Archer |
| 18:07 | Queue | Archer |
| 18:10 | Build | House |
| 18:41 | Queue | Archer |
| 18:41 | Queue | Archer |
| 18:51 | Build | Farm |
| 18:52 | Research | Fletching |
| 18:52 | Research | Fletching |
| 18:59 | Queue | Villager (Male) |
| 19:00 | Age | Castle Age |
| 19:01 | Build | Farm |
| 19:10 | Build | House |
| 19:18 | Research | Crossbowman (upgrade) |
| 19:31 | Build | Farm |
| 19:35 | Queue | Archer |
| 19:36 | Queue | Archer |
| 19:38 | Build | House |
| 19:48 | Queue | Archer |
| 19:49 | Queue | Villager (Male) |
| 20:15 | Queue | Archer |
| 20:28 | Queue | Villager (Male) |
| 20:42 | Queue | Archer |
| 20:43 | Queue | Archer |
| 20:43 | Queue | Villager (Male) |
| 21:11 | Queue | Archer |
| 21:11 | Queue | Archer |
| 21:12 | Queue | Villager (Male) |
| 21:34 | Build | Mill |
| 21:45 | Queue | Archer |
| 21:45 | Queue | Archer |
| 21:51 | Queue | Villager (Male) |
| 22:16 | Queue | Villager (Male) |
| 22:25 | Research | Bodkin Arrow |
| 22:26 | Research | Bodkin Arrow |
| 22:33 | Queue | Archer |
| 22:33 | Queue | Archer |
| 22:38 | Build | House |
| 22:55 | Queue | Archer |
| 22:55 | Queue | Archer |
| 22:57 | Queue | Villager (Male) |
| 23:03 | Build | Farm |
| 23:28 | Queue | Archer |
| 23:28 | Queue | Archer |
| 23:34 | Queue | Villager (Male) |
| 23:37 | Build | Siege Workshop |
| 23:46 | Queue | Villager (Male) |
| 23:48 | Build | Farm |
| 23:53 | Research | Double-Bit Axe |
| 23:53 | Research | Double-Bit Axe |
| 24:04 | Build | House |
| 24:17 | Build | House |
| 24:25 | Research | Wheelbarrow |
| 24:43 | Queue | Villager (Male) |
| 24:48 | Research | Bow Saw |
| 25:11 | Queue | Mangonel |
| 25:11 | Queue | Mangonel |
| 25:12 | Queue | Mangonel |
| 25:18 | Queue | Archer |
| 25:18 | Queue | Archer |
| 25:47 | Queue | Archer |
| 25:47 | Queue | Archer |
| 25:57 | Build | Farm |
| 26:00 | Queue | Villager (Male) |
| 26:13 | Queue | Archer |
| 26:14 | Queue | Archer |
| 26:14 | Queue | Villager (Male) |
| 26:36 | Queue | Mangonel |
| 26:37 | Queue | Mangonel |
| 26:46 | Queue | Villager (Male) |
| 26:48 | Build | Farm |
| 26:52 | Queue | Villager (Male) |
| 27:59 | Queue | Mangonel |
| 28:08 | Build | House |
| 28:15 | Build | Market |
| 28:39 | Queue | Archer |
| 28:39 | Queue | Archer |
| 28:40 | Queue | Villager (Male) |
| 28:40 | Queue | Villager (Male) |
Build order — shegin
First 150 of 189 actions detected
| 0:00 | Queue | Villager (Male) |
| 0:01 | Queue | Villager (Male) |
| 0:02 | Build | House |
| 0:06 | Queue | Villager (Male) |
| 0:06 | Queue | Villager (Male) |
| 0:06 | Queue | Villager (Male) |
| 0:18 | Build | House |
| 0:19 | Build | House |
| 1:24 | Build | Lumber Camp |
| 1:28 | Queue | Villager (Male) |
| 2:02 | Queue | Villager (Male) |
| 2:03 | Queue | Villager (Male) |
| 2:29 | Queue | Villager (Male) |
| 2:48 | Queue | Villager (Male) |
| 2:48 | Queue | Villager (Male) |
| 3:15 | Queue | Villager (Male) |
| 3:37 | Queue | Villager (Male) |
| 3:47 | Research | Loom |
| 4:16 | Queue | Villager (Male) |
| 4:33 | Queue | Villager (Male) |
| 5:06 | Build | Barracks |
| 5:12 | Queue | Villager (Male) |
| 5:40 | Queue | Villager (Male) |
| 5:48 | Build | House |
| 6:04 | Queue | Militia |
| 6:04 | Queue | Militia |
| 6:19 | Build | Palisade Wall |
| 6:21 | Build | Palisade Wall |
| 6:23 | Build | Palisade Wall |
| 6:32 | Queue | Villager (Male) |
| 6:40 | Build | House |
| 6:47 | Queue | Villager (Male) |
| 6:58 | Research | Feudal Age |
| 6:58 | Research | Feudal Age |
| 7:39 | Queue | Villager (Male) |
| 7:44 | Build | Mining Camp |
| 8:42 | Queue | Villager (Male) |
| 8:59 | Queue | Militia |
| 9:08 | Age | Feudal Age |
| 9:22 | Queue | Militia |
| 9:36 | Queue | Villager (Male) |
| 9:39 | Build | Archery Range |
| 9:52 | Queue | Villager (Male) |
| 10:12 | Build | House |
| 10:26 | Queue | Archer |
| 10:46 | Build | House |
| 10:55 | Queue | Villager (Male) |
| 11:01 | Queue | Skirmisher |
| 11:02 | Queue | Skirmisher |
| 11:05 | Queue | Villager (Male) |
| 11:13 | Queue | Villager (Male) |
| 11:33 | Research | Double-Bit Axe |
| 11:46 | Queue | Archer |
| 12:05 | Queue | Villager (Male) |
| 12:11 | Queue | Archer |
| 12:17 | Build | Barracks |
| 12:33 | Queue | Villager (Male) |
| 12:40 | Queue | Archer |
| 12:40 | Queue | Archer |
| 12:48 | Queue | Villager (Male) |
| 12:52 | Build | House |
| 12:53 | Build | House |
| 13:03 | Research | Man-at-Arms (upgrade) |
| 13:34 | Queue | Villager (Male) |
| 13:41 | Queue | Villager (Male) |
| 13:54 | Queue | Militia |
| 13:55 | Queue | Archer |
| 13:55 | Queue | Archer |
| 14:01 | Build | Mill |
| 14:09 | Queue | Villager (Male) |
| 14:11 | Build | Blacksmith |
| 14:18 | Queue | Villager (Male) |
| 14:48 | Queue | Archer |
| 14:49 | Queue | Archer |
| 14:50 | Build | Farm |
| 14:52 | Build | Farm |
| 14:53 | Build | Farm |
| 15:03 | Queue | Archer |
| 15:12 | Build | Farm |
| 15:17 | Queue | Villager (Male) |
| 15:19 | Queue | Archer |
| 15:22 | Build | Farm |
| 15:38 | Queue | Villager (Male) |
| 16:02 | Queue | Villager (Male) |
| 16:07 | Build | Market |
| 16:17 | Queue | Villager (Male) |
| 16:22 | Build | Mill |
| 16:26 | Queue | Villager (Male) |
| 16:47 | Queue | Villager (Male) |
| 16:49 | Build | Farm |
| 16:51 | Build | Farm |
| 17:13 | Build | House |
| 17:20 | Queue | Villager (Male) |
| 17:23 | Build | Farm |
| 17:24 | Build | Farm |
| 17:25 | Queue | Villager (Male) |
| 17:28 | Build | Farm |
| 17:32 | Build | Farm |
| 18:05 | Build | Farm |
| 18:39 | Research | Castle Age |
| 18:49 | Build | Archery Range |
| 18:55 | Research | Fletching |
| 18:56 | Queue | Villager (Male) |
| 19:22 | Research | Padded Archer Armor |
| 19:23 | Queue | Skirmisher |
| 19:24 | Queue | Skirmisher |
| 19:57 | Queue | Skirmisher |
| 20:08 | Queue | Villager (Male) |
| 20:17 | Queue | Skirmisher |
| 20:18 | Queue | Skirmisher |
| 20:18 | Queue | Skirmisher |
| 20:52 | Queue | Skirmisher |
| 20:52 | Queue | Skirmisher |
| 21:13 | Queue | Skirmisher |
| 21:13 | Queue | Skirmisher |
| 21:14 | Queue | Skirmisher |
| 21:19 | Age | Castle Age |
| 21:22 | Research | Bodkin Arrow |
| 21:35 | Build | Town Center |
| 21:55 | Queue | Villager (Male) |
| 22:00 | Queue | Villager (Male) |
| 22:03 | Build | House |
| 22:05 | Build | House |
| 22:06 | Build | House |
| 22:25 | Build | Lumber Camp |
| 22:27 | Queue | Villager (Male) |
| 22:31 | Queue | Villager (Male) |
| 22:53 | Queue | Villager (Male) |
| 23:03 | Research | Elite Skirmisher (upgrade) |
| 23:13 | Queue | Villager (Male) |
| 23:18 | Queue | Villager (Male) |
| 23:26 | Queue | Villager (Male) |
| 23:38 | Queue | Skirmisher |
| 23:39 | Queue | Skirmisher |
| 23:43 | Queue | Villager (Male) |
| 23:43 | Queue | Villager (Male) |
| 24:03 | Queue | Villager (Male) |
| 24:03 | Queue | Villager (Male) |
| 24:13 | Build | Town Center |
| 24:22 | Queue | Skirmisher |
| 24:22 | Queue | Skirmisher |
| 24:23 | Queue | Skirmisher |
| 24:40 | Queue | Villager (Male) |
| 24:41 | Queue | Skirmisher |
| 24:41 | Queue | Skirmisher |
| 24:41 | Queue | Skirmisher |
| 24:48 | Build | House |
| 24:50 | Build | House |
| 24:51 | Build | House |
| 24:51 | Build | House |
Match timeline
| 5:06 | shegin · first_building Barracks |
| 5:59 | Axolotl-Flöten-Beschwörer · wall_segment Palisade Wall x1 |
| 6:18 | Axolotl-Flöten-Beschwörer · wall_segment Palisade Wall x1 |
| 6:19 | shegin · wall_segment Palisade Wall x1 |
| 6:21 | shegin · wall_segment Palisade Wall x1 |
| 6:23 | shegin · wall_segment Palisade Wall x1 |
| 6:54 | Axolotl-Flöten-Beschwörer · wall_segment Palisade Wall x2 |
| 6:55 | Axolotl-Flöten-Beschwörer · wall_segment Palisade Wall x1 |
| 9:08 | shegin · age_up feudal |
| 9:39 | shegin · first_building Archery Range |
| 11:48 | Axolotl-Flöten-Beschwörer · first_building Barracks |
| 12:18 | Axolotl-Flöten-Beschwörer · wall_segment Palisade Wall x1 |
| 12:59 | Axolotl-Flöten-Beschwörer · age_up feudal |
| 13:08 | Axolotl-Flöten-Beschwörer · first_building Archery Range |
| 14:29 | Axolotl-Flöten-Beschwörer · wall_segment Palisade Wall x1 |
| 14:30 | Axolotl-Flöten-Beschwörer · wall_segment Palisade Wall x1 |
| 17:43 | shegin · first_market_buy 100 food |
| 18:38 | shegin · first_market_sell 100 wood |
| 19:00 | Axolotl-Flöten-Beschwörer · age_up castle |
| 21:19 | shegin · age_up castle |
| 23:37 | Axolotl-Flöten-Beschwörer · first_building Siege Workshop |
| 27:01 | shegin · first_building Monastery |
| 28:18 | shegin · first_building Siege Workshop |
| 28:56 | shegin · resign |
[ AI ANALYSIS · 1 CREDIT ]
What really happened in this match?
Wolo.gg analyzes every decision: build order, eco, micro, common mistakes by bracket. Personalized analysis on WhatsApp or Discord in 30 seconds.
Civ guide
Tatars
Perfil
Jugador #220422